 Dungeon Crawl Stone Soup version 0.30.0-29-ga12c61a403 (webtiles) character file.

Game seed: 17776332998795168812

2504 Graphine the Nimble (level 9, -11/69 HPs)
             Began as a Merfolk Monk on June 23, 2023.
             Was a Priest of Sif Muna.
             Mangled by Erica
             ... wielding a +2 scimitar of flaming
              (14 damage)
             ... on level 8 of the Dungeon.
             The game lasted 00:17:22 (6685 turns).

Graphine the Nimble (Merfolk Monk)                  Turns: 6685, Time: 00:17:22

Health: -11/69     AC:  9    Str: 11    XL:     9   Next: 53%
Magic:  13/13      EV: 18    Int: 16    God:    Sif Muna [***...]
Gold:   389        SH:  0    Dex: 21    Spells: 14/14 levels left

rFire   x . .        w - +11 great sword "Efiufem" {heavy, Contam rPois Int+3}
rCold   . . .        (shield currently unavailable)
rNeg    . . .        a - +3 leather armour {rPois}
rPois   +            t - +2 helmet of Eniest {rF- Will++ Int+4}
rElec   .            (no cloak)
rCorr   .            (no gloves)
SInv    .            (no boots)
Will    ++...        j - amulet of magic regeneration
Stlth   ++           (no ring)
HPRegen 0.31/turn    (no ring)
MPRegen 0.53/turn

%: no passive effects
@: no status effects
A: (nimble swimmer 2), mertail
a: Renounce Religion, Channel Magic, Forget Spell


You were on level 8 of the Dungeon.
You worshipped Sif Muna.
Sif Muna was most pleased with you.
You visited 1 branch of the dungeon, and saw 8 of its levels.

You collected 389 gold pieces.

Inventory:

Hand Weapons
 m - a +1 heavy long sword
 o - a +1 short sword of draining
 q - a +0 scimitar
 r - a +2 falchion of holy wrath
 w - the +11 great sword "Efiufem" (weapon) {heavy, Contam rPois Int+3}
   (You acquired it on level 5 of the Dungeon)

   Int:       It affects your intelligence (+3).
   rPois:     It protects you from poison.
   Contam:    It causes magical contamination when unequipped.
Armour
 a - a +3 leather armour of poison resistance (worn)
 t - the +2 helmet of Eniest (worn) {rF- Will++ Int+4}
   (You found it on level 5 of the Dungeon)

   Int:       It affects your intelligence (+4).
   rF:        It makes you vulnerable to fire.
   Will:      It greatly increases your willpower.
Jewellery
 j - an amulet of magic regeneration (around neck)
 v - a ring of ice
Scrolls
 i - 2 scrolls of identify
 s - a scroll of amnesia
 u - a scroll of fog
 y - a scroll of poison
 z - a scroll of teleportation
Potions
 b - 2 potions of lignification
 c - a potion of ambrosia
 d - a potion of berserk rage
 e - a potion of invisibility
 f - 5 potions of curing
 g - 2 potions of degeneration
 k - 3 potions of brilliance
 l - a potion of cancellation
 n - a potion of haste
 p - 2 potions of attraction
 x - a potion of might


   Skills:
 + Level 5.7 Fighting
 * Level 8.2 Long Blades
 + Level 2.6 Armour
 * Level 9.1 Dodging
 + Level 3.3 Spellcasting
 + Level 4.9 Transmutations
 + Level 4.3 Invocations


You had 14 spell levels left.
You didn't know any spells.
Your spell library contained the following spells:

 Spells                   Type           Power      Damage    Failure   Level
 Foxfire                  Conj/Fire      8%         2x1d4     24%         1
 Kiss of Death            Conj/Necr      8%         2d6       24%         1
 Magic Dart               Conj           8%         1d3       24%         1
 Searing Ray              Conj           4%         2d4       36%         2
 Confusing Touch          Hex            2%         N/A       58%         3
 Tukima's Dance           Hex            2%         N/A       58%         3
 Dispel Undead            Necr           2%         3d7       94%         4
 Fulminant Prism          Conj/Hex       1%         3d5       94%         4
 Passage of Golubria      Tloc           2%         N/A       94%         4
 Yara's Violent Unravell  Hex/Tmut       5%         3d4       94%         5
 Fireball                 Conj/Fire      1%         3d3       100%        5
 Plasma Beam              Fire/Air       1%         2x1d12    100%        6
 Starburst                Conj/Fire      1%         6d3       100%        6


Dungeon Overview and Level Annotations

Branches:
Dungeon (8/15)             Temple (0/1) D:4
   Lair: D:8-11

Altars:
Ashenzari
Fedhas
Nemelex Xobeh
Okawaru
Sif Muna
Zin
The Shining One

Shops:
D:2 (

Annotations:
D:8 Erica


Innate Abilities, Weirdness & Mutations

((You are very nimble when in or above water. (Stealth+, EV+, Speed+++)))
Your lower body shifts to a powerful aquatic tail in water.


Message History

A bolt of poison appears from out of thin air!
The bolt of poison misses you.
Hit: w) +11 great sword "Efiufem" {heavy, Contam rPois Int+3}
Press: ? - help, Dir - move target You closely miss something.
Something completely misses you. Something barely misses you.
Something hits you but does no damage.
You are poisoned.
You hear a zap.
Something tries to affect you, but you resist.
You feel better. Something barely misses you.
You hear a zap.
Something tries to affect you, but you resist.
Hit: w) +11 great sword "Efiufem" {heavy, Contam rPois Int+3}
Press: ? - help, Dir - move target, f - gnoll
Aim: a gnoll, wielding a +0 club (about 25% to evade the +11 great sword "Efiufem")
You open the gnoll like a pillowcase!!!
You kill the gnoll!
Sif Muna accepts your kill.
Something hits you. x2; Something burns you.
Something hits you!
* * * LOW HITPOINT WARNING * * *
Something burns you!
* * * LOW HITPOINT WARNING * * *
Something closely misses you.
Hit: w) +11 great sword "Efiufem" {heavy, Contam rPois Int+3}
Press: ? - help, Dir - move target, f - you
Okay, then.
You feel much better. Something barely misses you.
Something hits you but does no damage.
Hit: w) +11 great sword "Efiufem" {heavy, Contam rPois Int+3}
Press: ? - help, Dir - move target You slice something!!
Sif Muna accepts your kill.
Reactivating autopickup.
You feel a bit more experienced. Something hits you!
* * * LOW HITPOINT WARNING * * *
Something burns you!
* * * LOW HITPOINT WARNING * * *
Deactivating autopickup; reactivate with Ctrl-A.
Something hits you!
You die...

.# .##############
.#............#
.#.##########.# .#.#
#.# .#.# # #.######.#
.#.####.#..##.#......#
.................##
.._..####..####.@)#
...............){)#
................$...>
.######.#...#.#.#.##.#
.# #.#...#.#.#.# # .#
#....$#.#.. ..
#...#.#.#### ##### ..
#.. ....#


There were no monsters in sight!

Vanquished Creatures
  Sigmund (D:5)
  Eustachio (D:5)
  Edmund (D:6)
  2 water moccasins (D:7)
  An orc warrior (D:7)
  2 sky beasts
  An ice beast (D:7)
  2 black bears (D:6)
  2 centaurs (D:7)
  2 ogres (D:5)
  A bullfrog (D:7)
  2 scorpions (D:5)
  2 howler monkeys (D:7)
  2 jellies (D:6)
  5 orc priests
  5 hounds
  6 orc wizards
  3 iguanas
  5 adders
  A gnoll (D:8)
  2 white imps (D:6)
  An ufetubus (D:7)
  A worm (D:3)
  2 dart slugs (D:1)
  20 orcs
  8 endoplasms
  2 giant cockroaches
  8 goblins
  10 hobgoblins
  8 jackals
  4 quokkas
  10 ball pythons
  5 bats
  3 frilled lizards
  3 kobolds
  7 rats
141 creatures vanquished.

Notes
Turn   | Place    | Note
-------+----------+-------------------------------------------
     0 | D:1      | Graphine the Merfolk Monk began the quest for the Orb.
     0 | D:1      | Reached XP level 1. HP: 18/18 MP: 1/1
   107 | D:1      | Reached XP level 2. HP: 24/24 MP: 2/2
   362 | D:1      | Reached XP level 3. HP: 29/29 MP: 3/3
  1096 | D:2      | Found Lauso's Weapon Shop.
  1099 | D:2      | Reached skill level 1 in Invocations
  1641 | D:3      | Reached XP level 4. HP: 37/37 MP: 4/4
  1913 | D:3      | Reached skill level 5 in Dodging
  2099 | D:3      | Found a shimmering blue altar of Sif Muna.
  2099 | D:3      | Found an iron altar of Okawaru.
  2107 | D:3      | Found a broken altar of Ashenzari.
  2109 | D:3      | Found a faded altar of an unknown god.
  2110 | D:3      | Found a blossoming altar of Fedhas.
  2133 | D:3      | Became a worshipper of Sif Muna the Loreminder
  2133 | D:3      | Reached * piety under Sif Muna
  2133 | D:3      | Reached ** piety under Sif Muna
  2595 | D:4      | Reached XP level 5. HP: 42/42 MP: 6/6
  2732 | D:4      | Found a staircase to the Ecumenical Temple.
  2852 | D:4      | Reached skill level 5 in Long Blades
  2852 | D:4      | Reached skill level 1 in Transmutations
  3620 | D:5      | Entered Level 5 of the Dungeon
  3620 | D:5      | Noticed Eustachio
  3637 | D:4      | Reached XP level 6. HP: 14/48 MP: 7/7
  3760 | D:5      | Killed Eustachio
  3761 | D:5      | Reached skill level 6 in Dodging
  3761 | D:5      | Reached skill level 1 in Spellcasting
  3810 | D:5      | Noticed Sigmund
  3823 | D:5      | Killed Sigmund
  3824 | D:5      | Reached skill level 1 in Armour
  3824 | D:5      | Reached XP level 7. HP: 37/55 MP: 7/9
  3842 | D:5      | HP: 1/55 [orc priest/divine providence (12)]
  4182 | D:5      | Identified the +2 helmet of Eniest {rF- Will++ Int+4}
  4274 | D:5      | Reached skill level 7 in Dodging
  4274 | D:5      | Reached XP level 8. HP: 58/61 MP: 10/10
  4671 | D:5      | Identified a scroll of acquirement
  4671 | D:5      | Acquired the +11 great sword "Efiufem" {heavy, Contam rPois
                  | Int+3}
  4797 | D:6      | Reached skill level 5 in Fighting
  4812 | D:6      | Noticed Edmund
  4817 | D:6      | Killed Edmund
  4817 | D:6      | Reached *** piety under Sif Muna
  4853 | D:6      | Reached skill level 8 in Dodging
  4937 | D:6      | Found a glowing silver altar of Zin.
  5306 | D:7      | Reached XP level 9. HP: 57/68 MP: 11/13
  6347 | D:7      | Found a sparkling altar of Nemelex Xobeh.
  6438 | D:7      | Reached skill level 9 in Dodging
  6616 | D:8      | Found a glowing golden altar of the Shining One.
  6672 | D:8      | Noticed Erica
  6683 | D:8      | HP: 2/69 [something (7)]
  6685 | D:8      | Mangled by Erica

Illustrated notes

Levels and vault maps discovered:
D:1:      amcnicky_arrival_double_pillar, layout_loops_ring
D:2:      layout_loops_ring, serial_shops, nicolae_shop_hallway_plus
D:3:      layout_loops_cross, chequers_temple_overflow_minitemple,
          nicolae_kite_square_tiling_tiny
D:4:      layout_basic, minmay_temple_entry_tees, grunt_ministairs_6,
          st_stairs_7, hangedman_decor_opposing
D:5:      layout_rooms, minmay_quadrilaterals, uniq_eustachio, uniq_sigmund
D:6:      layout_basic, lemuel_crystal_altar, uniq_edmund
D:7:      layout_loops_corners, mainiacjoe_overflow_alcove_4,
          serial_co_window_serial, co_window_paths_a, co_window_paths_a,
          co_window_paths_b, co_window_paths_a, co_window_corner_a,
          co_window_2corner, co_window_broadway_b, co_window_unsneaky_path_c,
          co_window_broadway_c, co_window_of_opportunity_b, co_window_paths_c,
          co_window_4corner_b, glass_columns_b, glass_columns_b,
          glass_columns_c, glass_columns_c, glass_columns_b, enter_bailey_2
D:8:      layout_basic, mainiacjoe_overflow_boulevard, vehumet_crystals,
          grunt_ministairs_9, wad_woods_river_04, uniq_pikel, uniq_erica

Skill      XL: |  1  2  3  4  5  6  7  8  9 |
---------------+----------------------------+-----
Long Blades    | 4 5 6 7 8 |  8.2
Invocations    | 1 2 3 4 |  4.3
Dodging        | 5 6 7 8 9 |  9.1
Transmutations | 1 2 3 4 |  4.9
Fighting       | 4 5 |  5.7
Spellcasting   | 1 2 3 |  3.3
Armour         | 1 2 |  2.6

Action                     |  1- 3 |  4- 6 |  7- 9 || total
---------------------------+-------+-------+-------++-------
  Melee: Falchion          |   110 |    58 |       ||   168
         Punch             |     1 |       |       ||     1
         Long sword        |       |    70 |    51 ||   121
         Great sword       |       |       |    63 ||    63
    Use: Scroll            |    11 |     8 |     5 ||    24
         Potion            |       |     2 |     2 ||     4
   Stab: Sleeping          |       |     1 |       ||     1
 Armour: Robe              |     2 |       |       ||     2
         Leather armour    |    14 |    20 |    52 ||    86
  Dodge: Dodged            |    76 |   113 |   171 ||   360
